 Dungeon Crawl Stone Soup version 0.31-a0-128-g25add195a6 (webtiles) character file.

Game seed: 2048151774415067311

291 ryw the Trooper (level 6, -3/53 HPs)
             Began as a Demonspawn Monk on June 2, 2023.
             Slain by an orc warrior
             ... wielding a +0 scimitar
              (9 damage)
             ... on level 4 of the Dungeon.
             The game lasted 00:04:31 (3366 turns).

ryw the Trooper (Demonspawn Monk)                   Turns: 3366, Time: 00:04:31

Health: -3/53      AC:  3    Str: 11    XL:     6   Next: 10%
Magic:  6/6        EV: 13    Int: 12    God:
Gold:   226        SH:  0    Dex: 20    Spells: 5/5 levels left

rFire   . . .        p - +2 spear "Finnoxib" {elec, rPois Dex+3}
rCold   + . .        n - orb of Bulluc {mayhem, -Tele rC+ Regen+}
rNeg    . . .        a - +0 robe
rPois   +            (no helmet)
rElec   .            (no cloak)
rCorr   .            (no gloves)
SInv    .            s - +0 pair of boots
Will    .....        (no amulet)
Stlth   ++           (no ring)
HPRegen 1.08/turn    (no ring)
MPRegen 0.10/turn

%: no teleportation, mayhem
@: no status effects
A: powered by pain 1
a: no special abilities


You were on level 4 of the Dungeon.
You visited 1 branch of the dungeon, and saw 4 of its levels.

You collected 226 gold pieces.

Inventory:

Hand Weapons
 p - the +2 spear "Finnoxib" (weapon) {elec, rPois Dex+3}
   (You found it on level 2 of the Dungeon)

   Dex:       It affects your dexterity (+3).
   rPois:     It protects you from poison.
Missiles
 o - 2 javelins (quivered)
Armour
 a - a +0 robe (worn)
 c - an orb of light
 n - the orb of Bulluc (worn) {mayhem, -Tele rC+ Regen+}
   (You found it on level 2 of the Dungeon)

   rC:        It protects you from cold.
   -Tele:     It prevents most forms of teleportation.
   Regen:     It increases your rate of health regeneration.
 s - a +0 pair of boots (worn)
Jewellery
 d - a ring of protection from fire
Potions
 b - a potion of ambrosia
 h - a potion of brilliance {unknown}
 i - a potion of degeneration {unknown}
 m - 3 potions of attraction
 q - a potion of magic {unknown}
 r - a potion of heal wounds {unknown}


   Skills:
 + Level 6.7 Fighting
 - Level 3.0 Dodging
 - Level 2.6 Unarmed Combat


You had 5 spell levels left.
You didn't know any spells.
Your spell library contained the following spells:

 Spells                   Type           Power      Damage    Failure   Level
 Sandblast                Erth           0%         2d4       32%         1
 Summon Small Mammal      Summ           0%         N/A       32%         1
 Ensorcelled Hibernation  Hex/Ice        0%         N/A       45%         2
 Passwall                 Tmut/Erth      0%         N/A       45%         2
 Call Canine Familiar     Summ           0%         N/A       69%         3
 Ozocubu's Armour         Ice            0%         N/A       69%         3
 Stone Arrow              Conj/Erth      0%         3d7       69%         3
 Summon Guardian Golem    Hex/Summ       0%         N/A       69%         3
 Swiftness                Air            0%         N/A       69%         3
 Vhi's Electric Charge    Tloc/Air       0%         N/A       69%         3
 Arcjolt                  Conj/Air       0%         1d10      100%        5
 Metabolic Englaciation   Hex/Ice        0%         N/A       100%        5
 Plasma Beam              Fire/Air       0%         2x1d10    100%        6
 Simulacrum               Ice/Necr       0%         N/A       100%        6


Dungeon Overview and Level Annotations

Branches:
Dungeon (4/15)
 Temple: D:4-7

Altars:
Vehumet


Innate Abilities, Weirdness & Mutations

You sometimes gain a little power by taking damage.


Message History

Reach: p) +2 spear "Finnoxib" {elec, rPois Dex+3}
Press: ? - help, Dir - move target, f/p - orc warrior
Aim: an orc warrior, wielding a +0 scimitar, wearing a +0 chain mail, wearing an amulet of magic regeneration and quivering stones (moderately wounded, about 34% to evade the +2 spear "Finnoxib")
You hit the orc warrior but do no damage.
The orc warrior is moderately wounded.
The orc warrior hits you with a +0 scimitar!
Reach: p) +2 spear "Finnoxib" {elec, rPois Dex+3}
Press: ? - help, Dir - move target, f/p - orc warrior
Aim: an orc warrior, wielding a +0 scimitar, wearing a +0 chain mail, wearing an amulet of magic regeneration and quivering stones (moderately wounded, about 34% to evade the +2 spear "Finnoxib")
You barely miss the orc warrior.
The orc warrior is moderately wounded.
The orc warrior hits you with a +0 scimitar!
* * * LOW HITPOINT WARNING * * *
Reach: p) +2 spear "Finnoxib" {elec, rPois Dex+3}
Press: ? - help, Dir - move target, f/p - orc warrior
Aim: an orc warrior, wielding a +0 scimitar, wearing a +0 chain mail, wearing an amulet of magic regeneration and quivering stones (moderately wounded, about 34% to evade the +2 spear "Finnoxib")
You closely miss the orc warrior.
The orc warrior is moderately wounded.
The orc warrior misses you.
Reach: p) +2 spear "Finnoxib" {elec, rPois Dex+3}
Press: ? - help, Dir - move target, f/p - orc warrior
Aim: an orc warrior, wielding a +0 scimitar, wearing a +0 chain mail, wearing an amulet of magic regeneration and quivering stones (moderately wounded, about 34% to evade the +2 spear "Finnoxib")
You hit the orc warrior.
The orc warrior is heavily wounded.
The orc warrior completely misses you.
Reach: p) +2 spear "Finnoxib" {elec, rPois Dex+3}
Press: ? - help, Dir - move target, f/p - orc warrior
Aim: an orc warrior, wielding a +0 scimitar, wearing a +0 chain mail, wearing an amulet of magic regeneration and quivering stones (heavily wounded, about 34% to evade the +2 spear "Finnoxib")
You hit the orc warrior.
The orc warrior is heavily wounded.
The orc warrior hits you with a +0 scimitar!
* * * LOW HITPOINT WARNING * * *
The orc warrior closely misses you.
Reach: p) +2 spear "Finnoxib" {elec, rPois Dex+3}
Press: ? - help, Dir - move target, f/p - orc warrior
Aim: an orc warrior, wielding a +0 scimitar, wearing a +0 chain mail, wearing an amulet of magic regeneration and quivering stones (heavily wounded, about 34% to evade the +2 spear "Finnoxib")
You hit the orc warrior.
The orc warrior is heavily wounded.
The orc warrior hits you with a +0 scimitar!
You die...

********* ,,,,,,,,*
*******,* *******,*
*,,,,,*,* *,***,*,*
*,* *,*,*
#############** *,*
#,#,*
######............,*
*,* #.#.***
#...@o......##**,*,*
*,* #.....#
#.####.#####..o...,**
*,* #.....###.####.#
*,.....,,,
*,###.....^<....##.#
*,,....,**
,,,.......###.#.##.#
**,*#.#,*
,,,,......###)#.##.##*
*,**,#,*
*,**#.##.............*
*,**,*,*
*,*##.#...##.##[##.#.*
*,**,*,**
*,*#...............#,*
*,**,,,,*


You could see an orc warrior.

Vanquished Creatures
  Sigmund (D:2)
  3 adders
  2 worms (D:3)
  4 dart slugs
  3 orcs
  3 endoplasms
  2 giant cockroaches
  5 goblins
  6 hobgoblins
  2 jackals (D:2)
  2 quokkas (D:1)
  10 ball pythons
  5 bats
  5 frilled lizards
  7 kobolds
  13 rats
  A spectral goblin (D:3)
74 creatures vanquished.

Vanquished Creatures (collateral kills)
  An orc wizard (D:4)
  An orc (D:3)
2 creatures vanquished.

Grand Total: 76 creatures vanquished

Notes
Turn   | Place    | Note
-------+----------+-------------------------------------------
     0 | D:1      | ryw the Demonspawn Monk began the quest for the Orb.
     0 | D:1      | Reached XP level 1. HP: 18/18 MP: 1/1
   257 | D:1      | Gained mutation: You sometimes gain a little power by
                  | taking damage. [demonic ancestry]
   257 | D:1      | Reached XP level 2. HP: 24/24 MP: 2/2
   733 | D:1      | Reached skill level 4 in Fighting
   733 | D:1      | Reached XP level 3. HP: 24/30 MP: 3/3
  1251 | D:2      | Found a radiant altar of Vehumet.
  1498 | D:2      | Identified the orb of Bulluc {mayhem, -Tele rC+ Regen+}
  1707 | D:2      | Identified the +2 spear "Finnoxib" {elec, rPois Dex+3}
  1734 | D:2      | Noticed Sigmund
  1745 | D:2      | Killed Sigmund
  1746 | D:2      | Reached skill level 6 in Fighting
  1746 | D:2      | Reached XP level 4. HP: 27/40 MP: 4/4
  1746 | D:2      | Reached XP level 5. HP: 31/46 MP: 5/5
  2120 | D:3      | Found a faded altar of an unknown god.
  2945 | D:4      | Noticed an orc warrior
  2948 | D:4      | Reached XP level 6. HP: 53/53 MP: 6/6
  3366 | D:4      | Slain by an orc warrior

Illustrated notes

Levels and vault maps discovered:
D:1:      reono_arrival_forest_river, layout_loops_corners, minivault_19
D:2:      layout_basic, basic_altar, minmay_misc_feat_rows,
          minmay_rat_gold_closets, uniq_sigmund
D:3:      layout_loops_corners, dreamdust_ecumenical_altar_drowned_temple
D:4:      layout_loops_ring

Skill      XL: |  1  2  3 |
---------------+----------+-----
Dodging        | 3 |  3.0
Fighting       | 4 6 |  6.7
Unarmed Combat | |  2.6

Action                     |  1- 3 |  4- 6 || total
---------------------------+-------+-------++-------
  Melee: Unarmed           |    18 |       ||    18
         Falchion          |    89 |       ||    89
         Spear             |    10 |    71 ||    81
  Throw: Javelin           |     2 |       ||     2
    Use: Scroll            |       |     7 ||     7
   Stab: Sleeping          |       |    10 ||    10
 Armour: Robe              |     7 |     6 ||    13
  Dodge: Dodged            |    92 |    25 ||   117

Table legend: (Time is in decaauts)
 A = Elapsed time spent in this place.
 B = Non-inter-level travel time spent in this place.
 C = Inter-level travel time spent in this place.
 D = Time resting spent in this place.
 E = Time spent auto-exploring this place.
 F = Levels seen in this place.
 G = Mean time per level.
                   A        B        C        D        E       F      G
               +--------+--------+--------+--------+--------+-----+--------+
         Total |   3410 |   3288 |    122 |    432 |   2322 |   4 |  852.5 |
       Dungeon |   3410 |   3288 |    122 |    432 |   2322 |   4 |  852.5 |
               +--------+--------+--------+--------+--------+-----+--------+

Top non-repeatable levels by time:
     D:3: 1112 daAuts
     D:1: 1074 daAuts
     D:2: 952 daAuts
     D:4: 271 daAuts
